 Dungeon Crawl Stone Soup version 0.18.1-6-gd335043 (webtiles) character file.

580 Heskey the Poker (level 7, 0/58 HPs)
             Began as a Merfolk Gladiator on May 15, 2016.
             Killed from afar by an orc wizard (7 damage)
             ... with a magic dart
             ... on level 5 of the Dungeon.
             The game lasted 00:07:55 (5376 turns).

Heskey the Poker (Merfolk Gladiator)                Turns: 5376, Time: 00:07:57

Health: 0/58       AC:  7    Str: 16 (18) XL:     7   Next: 36%
Magic:  7/7        EV: 13    Int:  6 (7)  God:
Gold:   166        SH:  0    Dex: 13 (14) Spells: 0 memorised, 6 levels left

rFire  . . .     SeeInvis .     a - +0 trident
rCold  . . .     Gourm    .     b - +0 leather armour
rNeg   . . .     Faith    .     (no shield)
rPois  +         Spirit   .     c - +1 helmet
rElec  .         Dismiss  .     o - +0 cloak
rCorr  .         Reflect  .     (no gloves)
SustAt .         Harm     .     s - +0 pair of boots
MR     .....                    (no amulet)
Stlth  +.........               (no ring)
                                h - ring of poison resistance

@: not resistant to hostile enchantments, very unstealthy
A: change form in water, swift swim
a: no special abilities


You were on level 5 of the Dungeon.
You were not hungry.

You visited 1 branch of the dungeon, and saw 5 of its levels.

You collected 166 gold pieces.

Inventory:

Hand Weapons
 a - a +0 trident (weapon)
Missiles
 d - 3 throwing nets (quivered)
Armour
 b - a +0 leather armour (worn)
 c - a +1 helmet (worn)
 o - a +0 cloak (worn)
 s - a +0 pair of boots (worn)
Jewellery
 h - a ring of poison resistance (left hand)
 k - an uncursed ring of magical power {unknown}
Scrolls
 g - 3 scrolls of teleportation
 j - a scroll of random uselessness {unknown}
 l - 6 scrolls of identify {unknown}
 u - a scroll of blinking
Potions
 e - a potion of ambrosia {unknown}
Comestibles
 f - 3 bread rations
 i - 2 meat rations
 m - 2 slices of pizza


   Skills:
 * Level 6.2 Fighting
 + Level 7.1 Polearms
 - Level 2.0 Throwing
 + Level 2.6 Armour
 - Level 4.0 Dodging


You had 6 spell levels left.
You didn't know any spells.

Dungeon Overview and Level Annotations

Branches:
Dungeon (5/15)             Temple (0/1) D:4

Altars:
Cheibriados
Elyvilon
Xom
Yredelemnul
Zin


Message History

The orc wizard closely misses you.
You hit the orc wizard.
The orc wizard is almost dead.
The orc wizard casts a spell at you. You resist with some effort.
The orc wizard hits you but does no damage.
You closely miss the orc wizard.
The orc wizard is almost dead.
The orc wizard points at you and mumbles some strange words.
The puff of flame hits you!
* * * LOW HITPOINT WARNING * * *
The orc wizard hits you with a dagger.
* * * LOW HITPOINT WARNING * * *
You are too injured to fight recklessly!
Unknown command.
You barely miss the orc wizard.
The orc wizard is almost dead.
The orc wizard gestures at you while chanting.
The magic dart hits you!
You die...

+...............
###..###.###.?#
#..###.###..###
#...#..).......
#...#...........
#<.###'#####...###+ ####
#######.##.##...##..###...
#....(#..........#........
#.....#..@o......+........
#.....รท...o......#........
#.....#..........#........
#.....#..........#.....<..
#..####..#..#....#...####'
#+# #..########## #... ....
#...) .....# #.... #...
#....


You could see 2 orc wizards.

Vanquished Creatures
  Menkaure (D:4)
  An ogre (D:4)
  A howler monkey (D:4)
  A hound (D:4)
  An orc wizard (D:3)
  2 iguanas
  A worker ant (D:4)
  7 gnolls (D:3)
  4 adders
  2 oozes (D:2)
  3 worms
  A giant gecko (D:4)
  8 orcs
  2 ball pythons
  4 giant cockroaches
  9 goblins
  7 hobgoblins
  7 jackals (D:3)
  3 kobolds (D:1)
  A quokka (D:4)
  4 bats
  8 giant newts
  8 rats
86 creatures vanquished.

Notes
Turn   | Place    | Note
--------------------------------------------------------------
     0 | D:1      | Heskey the Merfolk Gladiator began the quest for the Orb.
     0 | D:1      | Reached XP level 1. HP: 16/16 MP: 1/1
    77 | D:1      | Reached XP level 2. HP: 13/23 MP: 2/2
   261 | D:1      | You fall through a shaft!
   377 | D:2      | Reached skill level 5 in Polearms
   392 | D:2      | Reached XP level 3. HP: 3/28 MP: 3/3
  1360 | D:2      | Reached skill level 1 in Armour
  1390 | D:2      | Reached XP level 4. HP: 31/35 MP: 4/4
  1879 | D:3      | Found a basalt altar of Yredelemnul.
  2099 | D:3      | Reached XP level 5. HP: 23/42 MP: 5/5
  3021 | D:3      | Found a white marble altar of Elyvilon.
  3135 | D:3      | Reached skill level 6 in Polearms
  3141 | D:3      | HP: 2/43 [gnoll/halberd (2)]
  3500 | D:3      | Reached XP level 6. HP: 44/50 MP: 6/6
  3615 | D:4      | Reached skill level 5 in Fighting
  3629 | D:4      | Found a snail-covered altar of Cheibriados.
  3901 | D:4      | Noticed Menkaure
  3914 | D:4      | Killed Menkaure
  4269 | D:4      | Found a staircase to the Ecumenical Temple.
  4281 | D:4      | Noticed an angel
  4285 | D:4      | Found a glowing silver altar of Zin.
  4341 | D:4      | Reached XP level 7. HP: 52/57 MP: 7/7
  4768 | D:4      | Found a shimmering altar of Xom.
  5068 | D:4      | Reached skill level 7 in Polearms
  5195 | D:5      | Entered Level 5 of the Dungeon
  5376 | D:5      | Killed from afar by an orc wizard

Skill      XL: |  1  2  3  4  5  6  7 |
---------------+----------------------+-----
Polearms       | 5 6 7 |  7.1
Fighting       | 3 4 5 6 |  6.2
Armour         | 1 2 |  2.6
Throwing       | |  2.0
Dodging        | |  4.0

Action                   |  1- 3 |  4- 6 |  7- 9 || total
-------------------------+-------+-------+-------++-------
Melee: Trident           |   114 |   235 |    72 ||   421
  Use: Scroll            |     3 |     2 |       ||     5
       Potion            |       |     8 |     1 ||     9
 Stab: Sleeping          |     1 |       |       ||     1
       Distracted        |       |     1 |       ||     1
  Eat: Chunk             |       |     8 |     4 ||    12
       Fruit             |       |     3 |       ||     3
Armor: Leather armour    |    19 |    62 |    19 ||   100
Dodge: Dodged            |    66 |   182 |    23 ||   271
